AoeStats
← aydede86

Arabia

509724078Analyzed
4v4 RM · 3d ago on Sep 27, 2026· 47m 36s· 8 players
Game mode
Random Map
Map size
Large (8 player)
Population
200
Speed
Normal
Resources
Standard
Victory
Conquest
Starting age
Dark Age
Ending age
Imperial Age
RankedLock teamsTeams togetherTeam positionsShared explorationLock speedFull tech treeHidden civsTurbo modeCheats
Victory
Defeat
🇩🇪 Khmer · Germany
1034
+16
🇫🇷 Lithuanians · France
1033
+16
🇩🇪 Vietnamese · Germany
1019
+17
🇹🇷 Burgundians · Türkiye
1017
+17
🇹🇷 Magyars · Türkiye
1106
-19
🇹🇷 Dravidians · Türkiye
1028
-16
🇹🇷 Varangians · Türkiye
1015
-16
🇹🇷 Persians · Türkiye
996
-15
MAMMA MIA!
8:17 Wheelbarrow
8:45 Loom
12:45 Feudal Age
11:11 Horse Collar
11:18 Double-Bit Axe
13:40 Bow Saw
13:31 Heavy Plow
18:22 Gold Mining
21:26 Castle Age
21:05 Gold Shaft Mining
20:42 Scale Barding Armor
20:49 Forging
22:00 Hand Cart
24:54 Two-Man Saw
24:17 Cavalier
24:57 Husbandry
26:46 Chain Barding Armor
28:03 Iron Casting
32:41 Crop Rotation
40:07 Imperial Age
38:29 Burgundian Vineyards
40:40 Stone Mining
41:27 Plate Barding Armor
40:15 Paladin
41:58 Blast Furnace
40:22 Elite Coustillier
41:25 Conscription
42:43 Stone Shaft Mining
45:57 Town Watch
JeanC
1:09 Loom
11:16 Feudal Age
11:49 Double-Bit Axe
13:06 Wheelbarrow
12:32 Gold Mining
15:03 Padded Archer Armor
15:37 Horse Collar
17:21 Fletching
18:28 Town Watch
23:21 Castle Age
23:26 Crossbowman
24:38 Bow Saw
24:44 Heavy Plow
25:39 Bodkin Arrow
27:15 Thumb Ring
33:31 Ballistics
33:38 Hand Cart
35:43 Murder Holes
40:16 Imperial Age
38:40 Elite Skirmisher
39:34 Town Patrol
39:20 Treadmill Crane
39:50 Masonry
40:08 Stone Mining
40:13 Heated Shot
40:40 Herbal Medicine
41:13 Arbalester
42:33 Imperial Skirmisher
44:16 Chemistry
44:18 Arrowslits
Melkro
6:39 Loom
9:23 Feudal Age
9:57 Double-Bit Axe
12:45 Scale Barding Armor
14:00 Horse Collar
21:02 Castle Age
19:35 Gold Mining
20:00 Bloodlines
20:56 Forging
22:58 Chain Barding Armor
26:53 Iron Casting
27:17 Wheelbarrow
28:38 Husbandry
30:15 Hand Cart
35:10 Imperial Age
33:06 Stone Mining
35:45 Stone Shaft Mining
35:15 Cavalier
36:37 Bow Saw
37:27 Plate Barding Armor
38:24 Fletching
38:22 Paladin
44:23 Conscription
Sakullius-of-Coursistan
3:50 Loom
11:13 Feudal Age
19:01 Castle Age
20:09 Double-Bit Axe
32:25 Bow Saw
33:46 Horse Collar
36:00 Fletching
37:45 Wheelbarrow
39:36 Town Watch
41:34 Bodkin Arrow
43:27 Forging
43:17 Scale Mail Armor
44:36 Padded Archer Armor
45:12 Iron Casting
44:00 Pikeman
48:25 Chain Mail Armor
Graund
8:44 Loom
10:30 Feudal Age
14:58 Castle Age
18:17 Stone Mining
20:44 Pikeman
21:25 Squires
24:38 Scale Mail Armor
26:35 Fletching
aydede86
0:26 Loom
12:57 Feudal Age
15:14 Wheelbarrow
17:10 Castle Age
15:27 Scale Mail Armor
15:38 Double-Bit Axe
16:09 Fletching
16:55 Horse Collar
17:09 Arson
24:33 Chain Mail Armor
27:19 Hand Cart
27:20 Bow Saw
27:13 Squires
27:30 Forging
27:59 Gambesons
28:52 Iron Casting
28:12 Bodkin Arrow
28:28 Heavy Plow
29:33 Medical Corps
29:16 Pikeman
34:21 Imperial Age
32:04 Scale Barding Armor
31:21 Elite Skirmisher
35:55 Wootz Steel
35:59 Halberdier
36:03 Crossbowman
38:44 Two-Man Saw
38:55 Chemistry
38:36 Onager
38:38 Elite Urumi Swordsman
39:56 Hoardings
Tuğrul
0:50 Loom
11:26 Feudal Age
12:08 Double-Bit Axe
15:03 Scale Barding Armor
22:13 Castle Age
21:12 Gold Mining
22:34 Bloodlines
23:45 Husbandry
24:07 Bow Saw
24:55 Horse Collar
34:02 Wheelbarrow
36:56 Imperial Age
36:57 Cavalier
38:10 Chain Barding Armor
41:51 Corvinian Army
42:04 Paladin
47:14 Elite Magyar Huszar
berker06ankara
10:13 Feudal Age
13:14 Horse Collar
14:26 Bloodlines
15:52 Forging
19:20 Scale Barding Armor
25:23 Castle Age
23:09 Loom
23:36 Gold Mining
23:37 Stone Mining
26:18 Husbandry
26:36 Double-Bit Axe
26:52 Heavy Plow
29:18 Fletching
33:21 Bodkin Arrow
34:09 Wheelbarrow
37:44 Iron Casting
40:47 Padded Archer Armor
41:50 Town Watch
42:21 Hand Cart
43:31 Stone Shaft Mining
50:28 Imperial Age
Connection lost

Rejoining the realm…

Still unreachable

The connection could not be restored.

Session expired

The server has moved on; the page needs a fresh start.